 Dungeon Crawl Stone Soup version 0.20.0-7-g3b7b877 (webtiles) character file.

400 Gorglomux the Skirmisher (level 6, 0/56 HPs)
             Began as a Hill Orc Fighter on May 29, 2017.
             Slain by Hasart's ghost (1 damage)
             ... on level 4 of the Dungeon.
             The game lasted 00:03:46 (3532 turns).

Gorglomux the Skirmisher (Hill Orc Fighter)         Turns: 3532, Time: 00:03:47

Health: 0/56       AC:  7    Str: 20    XL:     6   Next: 84%
Magic:  6/6        EV:  8    Int:  8    God:
Gold:   199        SH:  9    Dex: 11    Spells: 5/5 levels left

rFire    . . .     SeeInvis .   a - +0 war axe
rCold    . . .     Gourm    .   c - +0 shield
rNeg     . . .     Faith    .   b - +0 scale mail
rPois    .         Spirit   .   (no helmet)
rElec    .         Reflect  .   (no cloak)
rCorr    .         Harm     .   (no gloves)
MR       .....                  (no boots)
Stlth    +.........             (no amulet)
Regen    0.2/turn               x - ring of stealth
MPRegen  0.1/turn               (no ring)

@: lethally poisoned (0 -> -10)
A: no striking features
a: no special abilities


You were on level 4 of the Dungeon.
You were not hungry.

You visited 1 branch of the dungeon, and saw 4 of its levels.

You collected 199 gold pieces.

Inventory:

Hand Weapons
 a - a +0 war axe (weapon)
Armour
 b - a +0 scale mail (worn)
 c - a +0 shield (worn)
Jewellery
 x - a ring of stealth (left hand)
Scrolls
 g - 4 scrolls of identify {unknown}
 h - 3 scrolls of fog {unknown}
 A - a scroll of fear {unknown}
 C - 4 scrolls of teleportation {unknown}
 J - a scroll of amnesia {unknown}
 K - 2 scrolls of enchant weapon {unknown}
 Q - a scroll of remove curse {unknown}
 S - a scroll of enchant armour {unknown}
Potions
 d - 2 potions of might
 D - 3 potions of curing {unknown}
 E - a potion of flight {unknown}
 G - a potion of haste {unknown}
 H - 3 potions of degeneration {unknown}
 M - a potion of heal wounds
 N - a potion of brilliance {unknown}
 U - a potion of magic {unknown}
Books
 O - a book of Dreams

   Spells                             Type                      Level
   a - Ensorcelled Hibernation        Hexes/Ice                    2
   b - Silence                        Hexes/Air                    5
   c - Darkness                       Hexes                        6
   d - Shadow Creatures               Summoning                    6
Comestibles
 f - a bread ration
 z - 5 meat rations
 B - a royal jelly
 I - 3 fruits
 T - 7 chunks of flesh


   Skills:
 + Level 5.0 Fighting
 + Level 4.6 Axes
 + Level 4.6 Armour
 + Level 2.4 Dodging
 + Level 4.6 Shields


You had 5 spell levels left.
You didn't know any spells.

Dungeon Overview and Level Annotations

Branches:
Dungeon (4/15)
 Temple: D:4-7

Altars:
Qazlal

Annotations:
D:4 Hasart's ghost, amateur OpFi


Message History

You block the worker ant's attack.
You closely miss the worker ant.
The worker ant is almost dead.
You feel sick. You block the worker ant's attack.
An orc comes into view. It is wielding a dagger of speed.
You barely miss the worker ant.
The worker ant is almost dead.
The orc shouts!
You slash Hasart's ghost!
You feel sick. The worker ant closely misses you.
You block Hasart's ghost's attack. The worker ant closely misses you.
A worm comes into view.
Unknown command.
You hit the worker ant.
You kill the worker ant!
You barely miss Hasart's ghost.
You feel sick. Hasart's ghost hits you!
* * * LOW HITPOINT WARNING * * *
Hasart's ghost burns you.
* * * LOW HITPOINT WARNING * * *
Hasart's ghost hits you.
You die...

##. . ..# ##.# #w #.#
###.## ##'# #.#
#..... #..o# #.#
#.#### .....# ####.#
#.# ......# ##.##.#
#.#
......W####...#.###.#
......†@%.......<...#
.......####...#.###.#
......#
#.......#.#### .....#
#.###.#.#..... #..?#
#.# #.#.###### ##'#
#.# #.# # #. #.# #.#
# #.. ... #.#


You could see a worm, Hasart's ghost and an orc.

Vanquished Creatures
  A scorpion (D:4)
  2 orc priests (D:4)
  Terence (D:2)
  A centaur skeleton (D:4)
  3 worker ants (D:4)
  A hound skeleton (D:4)
  3 gnolls (D:2)
  3 adders
  2 oozes
  2 worms (D:2)
  2 dart slugs
  6 orcs
  2 ball pythons
  5 giant cockroaches
  10 goblins
  10 hobgoblins
  7 jackals
  5 kobolds
  7 bats
  2 frilled lizards
  6 rats
81 creatures vanquished.

Notes
Turn   | Place    | Note
-------+----------+-------------------------------------------
     0 | D:1      | Gorglomux the Hill Orc Fighter began the quest for the Orb.
     0 | D:1      | Reached XP level 1. HP: 19/19 MP: 1/1
     3 | D:1      | Noticed an electric eel
     5 | D:1      | Noticed an electric eel
   113 | D:1      | Reached XP level 2. HP: 24/27 MP: 2/2
   330 | D:1      | Reached skill level 3 in Axes
   671 | D:1      | Reached skill level 4 in Fighting
   671 | D:1      | Reached XP level 3. HP: 33/33 MP: 3/3
   810 | D:2      | Reached skill level 1 in Dodging
   812 | D:2      | Reached XP level 4. HP: 17/40 MP: 4/4
  1044 | D:2      | Noticed Terence
  1065 | D:2      | Killed Terence
  1569 | D:2      | Reached XP level 5. HP: 46/47 MP: 5/5
  1636 | D:2      | Found a stormy altar of Qazlal.
  2678 | D:4      | Noticed Hasart's ghost (amateur OpFi)
  3274 | D:4      | Reached XP level 6. HP: 52/53 MP: 6/6
  3390 | D:4      | Reached skill level 5 in Fighting
  3532 | D:4      | HP: 1/56 [Hasart's ghost (5)]
  3532 | D:4      | Slain by Hasart's ghost

Skill      XL: |  1  2  3  4  5  6 |
---------------+-------------------+-----
Axes           | 3 4 |  4.6
Fighting       | 4 5 |  5.0
Dodging        | 1 2 |  2.4
Armour         | 4 |  4.6
Shields        | 4 |  4.6

Action                   |  1- 3 |  4- 6 || total
-------------------------+-------+-------++-------
Melee: War axe           |    87 |   213 ||   300
  Eat: Chunk             |       |     6 ||     6
       Meat ration       |       |     1 ||     1
Armor: Scale mail        |    38 |    96 ||   134
Dodge: Dodged            |    25 |    85 ||   110
Block: Shield            |    40 |   130 ||   170
